 Dungeon Crawl Stone Soup version 0.31-a0-963-ga325b2283a (webtiles) character file.

Game seed: 3245126224520167021

18032 BinkBink the Fighter (level 12, 0/74 (81) HPs)
             Began as a Tengu Monk on Oct 24, 2023.
             Slain by a spectral orc knight
             ... wielding a +0 war axe
             ... summoned by Nergalle
              (11 damage)
             ... on level 12 of the Dungeon.
             The game lasted 00:25:21 (12923 turns).

BinkBink the Fighter (Tengu Monk)                  Turns: 12923, Time: 00:25:22

HP:   0/74 (81)     AC: 15    Str: 11    XL:     12   Next: 54%
MP:   13/13         EV: 25    Int: 14    God:
Gold: 721           SH:  0    Dex: 34    Spells: 11/11 levels left

rFire   . . .        S - +2 scimitar
rCold   . . .        w - +0 kite shield
rNeg    . . .        r - +1 ring mail of the Skies Above {Will+ Int+3 Slay+3 SInv}
rPois   .            k - +2 hat
rElec   .            O - +0 cloak
rCorr   .            X - +2 pair of gloves
SInv    +            (boots unavailable)
Will    +....        (no amulet)
Stlth   +            y - +6 ring of dexterity
HPRegen 0.32/turn    N - +6 ring of dexterity
MPRegen 0.13/turn

%: acrobat
@: confused, mighty, ambrosia-drunk, flying, studying Fighting, drained
A: beak, talons 3, evasive flight, acrobatic
a: no special abilities


You were on level 12 of the Dungeon.
You visited 2 branches of the dungeon, and saw 13 of its levels.

You collected 721 gold pieces.

Inventory:

Hand Weapons
 a - a +1 falchion
 f - the +10 dark maul {heavy}
   (You took it off a two-headed ogre on level 9 of the Dungeon)
 A - a +0 arbalest
 D - the +8 whip "Snakebite" {venom, curare, rPois}
   (You took it off Amaemon on level 8 of the Dungeon)

   rPois:     It protects you from poison
 S - a +2 scimitar (weapon)
 V - a +5 falchion
Missiles
 p - 2 throwing nets
Armour
 d - an orb of light
 k - a +2 hat (worn)
 r - the +1 ring mail of the Skies Above (worn) {Will+ Int+3 Slay+3 SInv}
   (You took it off an orc priest on level 3 of the Dungeon)

   Int+3:     It affects your intelligence (+3).
   Slay+3:    It affects your accuracy & damage with ranged weapons and melee
   (+3).
   Will+:     It increases your willpower.
   SInv:      It lets you see invisible.
 w - a +0 kite shield (worn)
 O - a +0 cloak (worn)
 X - a +2 pair of gloves (worn)
Jewellery
 j - a ring of magical power
 y - a +6 ring of dexterity (left hand)
 B - a ring of ice
 J - a +6 ring of intelligence
 L - a +4 ring of protection
 N - a +6 ring of dexterity (right hand)
 U - a ring of resist corrosion
Talismans
 t - a beast talisman
 G - a maw talisman
Wands
 c - a wand of light (8)
 n - a wand of roots (32)
 x - a wand of mindburst (5)
 z - a wand of flame (16)
 K - a wand of charming (18)
 T - a wand of polymorph (4)
Scrolls
 m - a scroll of blinking
 s - a scroll of amnesia
 u - 3 scrolls of immolation
 F - a scroll of teleportation
 P - a scroll of fear
 R - a scroll of enchant weapon
 W - a scroll of poison
Potions
 b - a potion of lignification {unknown}
 g - 2 potions of haste
 h - 6 potions of brilliance
 i - 7 potions of curing
 l - 2 potions of attraction {unknown}
 o - a potion of degeneration {unknown}
 q - 2 potions of enlightenment {unknown}
 v - 3 potions of cancellation
 E - a potion of ambrosia
 I - a potion of mutation {unknown}
 M - a potion of magic {unknown}
 Q - a potion of resistance {unknown}


   Skills:
 + Level 11.8 Fighting
 + Level 11.4 Long Blades
 + Level 10.3 Armour
 + Level 11.5 Dodging
 + Level 4.9 Shields


You had 11 spell levels left.
You didn't know any spells.
Your spell library contained the following spells:

 Spells                   Type           Power      Damage    Failure   Level
 Sandblast                Erth           0%         2d4       91%         1
 Passwall                 Tmut/Erth      0%         N/A       97%         2
 Stone Arrow              Conj/Erth      0%         3d7       100%        3
 Volatile Blastmotes      Fire/Tloc      0%         2d10      100%        3
 Brom's Barrelling Bould  Conj/Erth      0%         2d3       100%        4
 Fulminant Prism          Conj/Hex       0%         3d5       100%        4
 Iskenderun's Mystic Bla  Conj/Tloc      0%         2d3       100%        4


Dungeon Overview and Level Annotations

Branches:
Dungeon (12/15)            Temple (1/1) D:6            Lair (0/5) D:11
    Orc (0/2) D:11

Altars:
Ashenzari
Cheibriados
Dithmenos
Elyvilon
Fedhas
Gozag
Hepliaklqana
Kikubaaqudgha
Makhleb
Nemelex Xobeh
Okawaru
Qazlal
Ru
Sif Muna
Trog
Uskayaw
Vehumet
Wu Jian
Xom
Yredelemnul
Zin
The Shining One

Annotations:
D:12 Nergalle


Innate Abilities, Weirdness & Mutations

You have a beak for a mouth.
You have claws for feet.
Your magical flight helps you evade attacks. (EV +4)
You can magically evade attacks while moving or waiting.


Message History

The spectral orc warrior hits you with a +0 mace.
You feel drained. You block the spectral orc's attack.
Nergalle points at you and mumbles some strange words.
The bolt of negative energy hits you!!
You feel drained.
* * * LOW HITPOINT WARNING * * *
The bolt of negative energy hits the spectral orc knight.
The spectral orc knight completely resists.
The red ugly thing barely misses you.
As you read the scroll of butterflies, it crumbles to dust.
You hear the flapping of tiny wings.
The spectral orc warrior is knocked back by the sudden gust.
The spectral orc knight is knocked back by the sudden gust.
The spectral orc is knocked back by the sudden gust.
Nergalle is knocked back by the sudden gust.
The red ugly thing is knocked back by the sudden gust.
The spectral orc warrior misses your butterfly.
You are confused.
You feel invigorated.
The spectral orc warrior closely misses your butterfly.
The spectral orc knight hits your butterfly with a +0 long sword!
Your butterfly dies!
Your butterfly disappears in a burst of colours!
The spectral orc barely misses your butterfly.
Nergalle blows her nose.
Nergalle points at you and mumbles some strange words.
Orcish apparitions take form around you.
The red ugly thing bites your butterfly.
Your butterfly dies!
Your butterfly disappears in a burst of colours!
You closely miss your butterfly.
Your butterfly disappears in a burst of colours!
The spectral orc warrior closely misses your butterfly.
The spectral orc knight hits your butterfly with a +0 long sword!!
Your butterfly dies!
Your butterfly disappears in a burst of colours!
The spectral orc warrior hits your butterfly with a +0 mace!
Your butterfly dies!
Your butterfly disappears in a burst of colours!
The spectral orc knight hits you with a +0 war axe!
You die...

.# #.# #.. #.# #.# .
#####.#####..
####..Z..bZ.....
##....b#bZubb###<
##...b.Z.b@.bbo...
#......bb.b..be.#.
#...b..bb.bbb...# ##
#....$.Zbb.b....#
..#####........b.bb.b.#
...##........b...b...#
###.##..............b.#
......$#...............
##.)....#.....#.....#


You could see a red ugly thing (ally target), Nergalle (ally target), a spectral
orc (summoned, ally target), 2 spectral orc warriors, 2 spectral orc knights and
a deep elf pyromancer.

Vanquished Creatures
  Snorg (D:12)
  3 two-headed ogres
  3 boulder beetles
  Amaemon (D:8)
  A deep elf pyromancer (D:12)
  2 cyclopes (D:9)
  A manticore (D:11)
  An orange demon (D:8)
  Maggie (D:9)
  A gargoyle (D:11)
  An elephant (D:11)
  2 komodo dragons (D:11)
  Psyche (D:12)
  3 trolls
  Grinder (D:3)
  5 slime creatures (D:12)
  2 wraiths
  A vampire (D:8)
  Eustachio (D:4)
  2 wyverns
  6 yaks
  6 vampire mosquitoes
  A steam dragon (D:10)
  Edmund (D:4)
  2 black bears
  8 orc warriors
  A sky beast (D:7)
  An ogre (D:5)
  3 ice beasts
  2 centaurs (D:9)
  9 bullfrogs
  4 gnoll sergeants
  3 scorpions
  18 wights
  15 killer bees
  3 howler monkeys
  4 hounds
  2 jellies
  7 orc priests
  Ijyb (D:4)
  3 sleepcaps
  Natasha (thrice) (D:3)
  6 iguanas
  4 orc wizards
  9 adders
  19 gnolls
  A white imp (D:6)
  4 ufetubi
  3 worms
  2 dart slugs
  35 orcs
  6 endoplasms
  2 giant cockroaches
  3 hobgoblins
  6 jackals
  11 kobolds
  6 quokkas
  5 ball pythons
  5 bats
  2 frilled lizards
  13 goblins
  7 rats
286 creatures vanquished.

Notes
Turn   | Place    | Note
-------+----------+-------------------------------------------
     0 | D:1      | BinkBink the Tengu Monk began the quest for the Orb.
     0 | D:1      | Reached XP level 1. HP: 14/14 MP: 2/2
   140 | D:1      | Reached XP level 2. HP: 19/19 MP: 3/3
   431 | D:1      | Reached XP level 3. HP: 20/23 MP: 4/4
  1224 | D:2      | Reached XP level 4. HP: 28/29 MP: 5/5
  1580 | D:3      | Noticed Natasha
  1584 | D:3      | Killed Natasha
  1604 | D:3      | Noticed Natasha
  1612 | D:3      | Killed Natasha
  1613 | D:3      | Reached XP level 5. HP: 12/33 MP: 6/6
  1787 | D:3      | Noticed Natasha
  1795 | D:3      | Killed Natasha
  2090 | D:3      | Identified the +1 ring mail of the Skies Above {Will+ Int+3
                  | Slay+3 SInv}
  2305 | D:3      | Noticed Grinder
  2318 | D:3      | Paralysed by Grinder for 5 turns
  2326 | D:3      | Killed Grinder
  2327 | D:3      | Reached skill level 5 in Long Blades
  2327 | D:3      | Reached skill level 1 in Armour
  2327 | D:3      | Reached skill level 5 in Dodging
  2327 | D:3      | Reached XP level 6. HP: 28/40 MP: 7/7
  2611 | D:4      | Noticed Edmund
  2665 | D:4      | Gained mutation: Your magical flight helps you evade
                  | attacks. (EV +4) [Tengu growth]
  2665 | D:4      | Reached XP level 7. HP: 35/44 MP: 8/8
  2777 | D:4      | Noticed Eustachio
  2787 | D:4      | Killed Eustachio
  2788 | D:4      | Reached skill level 5 in Fighting
  3110 | D:4      | Found a snail-covered altar of Cheibriados.
  3133 | D:4      | Noticed Ijyb
  3142 | D:4      | Killed Ijyb
  3420 | D:4      | Killed Edmund
  3421 | D:4      | Reached XP level 8. HP: 13/50 MP: 9/9
  3588 | D:4      | Found a shimmering altar of Xom.
  3736 | D:5      | Entered Level 5 of the Dungeon
  4595 | D:6      | Found a radiant altar of Vehumet.
  4596 | D:6      | Found a white marble altar of Elyvilon.
  4821 | D:6      | Found a staircase to the Ecumenical Temple.
  4831 | Temple   | Entered the Ecumenical Temple
  5050 | D:6      | Reached skill level 5 in Armour
  5050 | D:6      | Reached XP level 9. HP: 56/56 MP: 10/10
  5330 | D:7      | Found a hazy altar of Hepliaklqana.
  5847 | D:7      | Found a bloodstained altar of Trog.
  6272 | D:8      | Found a broken altar of Ashenzari.
  6315 | D:8      | Noticed a troll
  6328 | D:8      | Killed a troll
  6329 | D:8      | Reached XP level 10. HP: 52/64 MP: 11/11
  6805 | D:8      | Noticed an orange demon
  6806 | D:8      | Noticed Amaemon
  6832 | D:8      | Killed an orange demon
  7354 | D:9      | Noticed Maggie
  7364 | D:9      | Killed Maggie
  7378 | D:9      | Noticed a cyclops
  7400 | D:9      | Killed a cyclops
  7543 | D:9      | Noticed a two-headed ogre
  8079 | D:9      | Noticed a cyclops
  8100 | D:9      | Killed a cyclops
  8176 | D:9      | Killed a two-headed ogre
  8177 | D:9      | Reached XP level 11. HP: 36/71 MP: 12/12
  8363 | D:9      | Noticed a two-headed ogre
  8396 | D:8      | Killed Amaemon
  8397 | D:8      | Reached skill level 10 in Long Blades
  8397 | D:8      | Reached skill level 10 in Dodging
  8552 | D:8      | Identified a scroll of acquirement
  8552 | D:8      | Acquired a manual of Fighting
  9101 | D:10     | Entered Level 10 of the Dungeon
  9727 | D:9      | Killed a two-headed ogre
  9728 | D:9      | Reached skill level 1 in Shields
 10719 | D:10     | Reached skill level 10 in Fighting
 11143 | D:10     | Found a stormy altar of Qazlal.
 11498 | D:11     | Found a staircase to the Orcish Mines.
 11503 | D:11     | Noticed a boulder beetle
 11521 | D:11     | Noticed a boulder beetle
 11530 | D:11     | Killed a boulder beetle
 11576 | D:11     | Killed a boulder beetle
 11599 | D:11     | Reached XP level 12. HP: 49/79 MP: 13/13
 12096 | D:11     | Noticed a two-headed ogre
 12102 | D:11     | Killed a two-headed ogre
 12201 | D:11     | Found a staircase to the Lair.
 12419 | D:12     | Reached skill level 10 in Armour
 12438 | D:12     | Noticed Snorg
 12451 | D:12     | Killed Snorg
 12634 | D:12     | Noticed a boulder beetle
 12635 | D:12     | Noticed Psyche
 12657 | D:12     | Killed Psyche
 12672 | D:12     | Killed a boulder beetle
 12908 | D:12     | Noticed Nergalle
 12920 | D:12     | HP: 2/74 [Nergalle/bolt of negative energy (23)]
 12923 | D:12     | Slain by a spectral orc knight

Illustrated notes

Levels and vault maps discovered:
D:1:      giann_horns, layout_basic
D:2:      layout_loops_ring, st_stairs_13
D:3:      layout_loops_ring, grunt_decor_resistance, uniq_natasha, uniq_grinder
D:4:      kennysheep_the_goblin_king, layout_cave_pools, cheibriados_altar_2,
          mainiacjoe_overflow_boulevard, uniq_eustachio, uniq_edmund
D:5:      layout_basic, minmay_misc_feat_diagonals
D:6:      layout_loops_ring, mainiacjoe_overflow_divided_tiny,
          minmay_temple_entry_overgrown, nicolae_titane
D:7:      layout_cave_pools, lightli_temple_of_fire,
          nicolae_overflow_hidden_temple, kennysheep_small_square
D:8:      layout_cave_pods, kennysheep_mini_moat, uniq_amaemon
D:9:      layout_roguey, hellmonk_guarded_unrand_dark_maul, uniq_maggie
D:10:     layout_stronghold, nicolae_qazlal_general_emergency
D:11:     layout_loops_cross, grunt_lair_entry_orc_guard_hut, david_orc_3,
          serial_glass, glass_columns_a, glass_columns_a
D:12:     layout_rooms, uniq_nergalle, uniq_psyche, uniq_snorg
Temple:   compressed_dpeg_circular_temple

Skill      XL: |  1  2  3  4  5  6  7  8  9 10 11 12 |
---------------+-------------------------------------+-----
Long Blades    | 4 5 6 7 8 9 10 11 | 11.4
Dodging        | 4 5 6 7 8 9 10 11 | 11.5
Fighting       | 4 5 6 7 9 10 11 | 11.8
Armour         | 1 3 5 6 8 9 10 | 10.3
Shields        | 3 4 |  4.9

Action                     |  1- 3 |  4- 6 |  7- 9 | 10-12 || total
---------------------------+-------+-------+-------+-------++-------
  Melee: Falchion          |    60 |    83 |   233 |   238 ||   614
         Peck              |     5 |    19 |    68 |   110 ||   202
         Kick              |    13 |    34 |    94 |   177 ||   318
         Scimitar          |       |       |       |   183 ||   183
    Use: Potion            |       |     1 |     5 |     6 ||    12
         Scroll            |       |       |     6 |    16 ||    22
   Stab: Sleeping          |       |     1 |       |     1 ||     2
 Armour: Robe              |    22 |    18 |       |       ||    40
         Ring mail         |       |     8 |    79 |   159 ||   246
  Dodge: Dodged            |    38 |    77 |   226 |   368 ||   709
  Block: Kite shield       |       |       |       |   172 ||   172

Table legend: (Time is in decaauts)
 A = Elapsed time spent in this place.
 B = Non-inter-level travel time spent in this place.
 C = Inter-level travel time spent in this place.
 D = Time resting spent in this place.
 E = Time spent auto-exploring this place.
 F = Levels seen in this place.
 G = Mean time per level.
                   A        B        C        D        E       F      G
               +--------+--------+--------+--------+--------+-----+--------+
         Total |  12944 |  11938 |   1006 |   2264 |   7614 |  13 |  995.7 |
       Dungeon |  12857 |  11936 |    921 |   2264 |   7614 |  12 | 1071.4 |
        Temple |     87 |      2 |     85 |      0 |      0 |   1 |   87.0 |
               +--------+--------+--------+--------+--------+-----+--------+

Top non-repeatable levels by time:
     D:9: 2493 daAuts
     D:8: 1432 daAuts
    D:10: 1348 daAuts
     D:3: 1259 daAuts
    D:11: 957 daAuts
     D:4: 952 daAuts
     D:1: 939 daAuts
     D:5: 827 daAuts
     D:6: 742 daAuts
     D:7: 706 daAuts
     D:2: 648 daAuts
    D:12: 548 daAuts
  Temple: 87 daAuts
